 Dungeon Crawl Stone Soup version 0.16.1-11-g651b585 (webtiles) character file.

154 wojtek the Cutter (level 5, -8/30 HPs)
             Began as a Kobold Assassin on Mar 30, 2015.
             Mangled by an ogre
             ... wielding a +0 giant spiked club
              (22 damage)
             ... on level 4 of the Dungeon.
             The game lasted 00:04:02 (2181 turns).

wojtek the Cutter (Kobold Assassin)                 Turns: 2181, Time: 00:04:02

Health: -8/30      AC:  3    Str: 10    XL:     5   Next: 63%
Magic:  5/5        EV: 14    Int: 10    God:
Gold:   114        SH:  0    Dex: 17    Spells: 0 memorised, 4 levels left

rFire  . . .     SeeInvis .     b - +0 blowgun
rCold  . . .     Clarity  .     c - +0 robe
rNeg   . . .     SustAb   .     (no shield)
rPois  .         Gourm    .     (no helmet)
rElec  .         Spirit   .     d - +0 cloak
rCorr  .         Warding  .     (no gloves)
rMut   .         Stasis   .     (no boots)
MR     .....                    (no amulet)
Stlth  +++.......               (no ring)
                                (no ring)

@: not resistant to hostile enchantments, fairly stealthy
A: carnivore 3
a: no special abilities


You were on level 4 of the Dungeon.
You were completely stuffed.

You visited 1 branch of the dungeon, and saw 4 of its levels.

You collected 114 gold pieces.

Inventory:

Hand weapons
 a - a +1 dagger of electrocution
 b - a +0 blowgun (weapon)
 o - a +2 dagger
Missiles
 e - 15 poisoned needles (quivered)
 f - 2 curare-tipped needles {=f}
Armour
 c - a +0 robe (worn)
 d - a +0 cloak (worn)
Scrolls
 j - a scroll of fear {unknown}
 l - 2 scrolls of fog {unknown}
 n - 2 scrolls of identify {unknown}
Potions
 h - a potion of heal wounds {unknown}
 i - 2 potions of agility {unknown}
 k - a potion of magic {unknown}
 q - a potion of restore abilities {unknown}
 r - a potion of might {unknown}
Comestibles
 g - a meat ration
 m - a beef jerky
 p - 4 chunks of flesh


   Skills:
 - Level 2.1 Fighting
 + Level 7.1 Short Blades
 - Level 2.6 Throwing
 - Level 1.2 Dodging
 - Level 5.3 Stealth


You had 4 spell levels left.
You didn't know any spells.

Dungeon Overview and Level Annotations

Branches:
Dungeon (4/15)
 Temple: D:4-7

Altars:

Annotations:
D:3 exclusions: adder and ice beast


Innate Abilities, Weirdness & Mutations

You are small and have problems with some larger weapons.
You are carnivorous and can eat meat at any time.


Message History

Wield which item (- for none, * to show all)? (? for menu, Esc to quit)
Your +1 dagger of electrocution stops crackling.
b - a +0 blowgun (weapon)
Firing (i - inventory. (,) - cycle):
e - 17 poisoned needles (quivered)
Press: ? - help, Shift-Dir - straight line, f - ogre
Aim: an ogre, wielding a giant spiked club You shoot a poisoned needle.
The poisoned needle barely misses the ogre.
Firing (i - inventory. (,) - cycle):
e - 16 poisoned needles (quivered)
Press: ? - help, Shift-Dir - straight line, f/p - ogre
Aim: an ogre, wielding a giant spiked club You shoot a poisoned needle.
The poisoned needle hits the ogre!
The ogre is poisoned.
The ogre hits you with a giant spiked club!
Ouch! That really hurt!
The ogre looks more healthy.
A quokka comes into view.
The ogre hits you with a giant spiked club!!
Ouch! That really hurt!
You die...

##. ... .. ..
#.## #.# ###
#..# ##.# #.##
#..##..# ##.#
###.....# #[#
###.(..@.#
#.###...####O#
#.##..### #.#
##.##..# #.#
##..##..# #.##
#..###..# ##.#
#..###..#
#.########
#.......##
#........#
####.....#
##..####..r


You could see an ogre.

Vanquished Creatures
  A hound (D:2)
  2 orc wizards
  A gnoll (D:2)
  4 worms
  An ooze (D:1)
  2 orcs (D:2)
  A ball python (D:2)
  5 bats
  3 giant cockroaches
  4 goblins
  5 hobgoblins
  7 kobolds
  4 giant newts
  A quokka (D:2)
  5 rats
46 creatures vanquished.

Notes
Turn   | Place    | Note
--------------------------------------------------------------
     0 | D:1      | wojtek, the Kobold Assassin, began the quest for the Orb.
     0 | D:1      | Reached XP level 1. HP: 12/12 MP: 1/1
   166 | D:1      | Reached XP level 2. HP: 17/17 MP: 2/2
  1018 | D:2      | Reached XP level 3. HP: 19/21 MP: 3/3
  1236 | D:2      | Reached skill level 5 in Short Blades
  1296 | D:2      | Reached XP level 4. HP: 26/26 MP: 4/4
  1338 | D:2      | Reached skill level 6 in Short Blades
  1804 | D:2      | Reached XP level 5. HP: 30/30 MP: 5/5
  1866 | D:3      | Reached skill level 7 in Short Blades
  2017 | D:3      | Noticed an ice beast
  2106 | D:3      | You fall through a shaft!
  2153 | D:4      | Noticed an ogre
  2181 | D:4      | Mangled by an ogre

Action                   |  1- 3 |  4- 6 || total
-------------------------+-------+-------++-------
Melee: Dagger            |    78 |    44 ||   122
 Fire: Blowgun           |       |    11 ||    11
 Stab: Sleeping          |     7 |     1 ||     8
       Distracted        |       |     1 ||     1
  Eat: Chunk             |     9 |     3 ||    12
